 Dungeon Crawl Stone Soup version 0.30.0-5-g1a98f26d00 (webtiles) character file.

Game seed: 393794644861756388

8175 fozzywoppz the Basher (level 11, -3/68 HPs)
             Began as a Gargoyle Fighter on May 10, 2023.
             Was a Believer of Okawaru.
             Slain by a slime creature (11 damage)
             ... on level 9 of the Dungeon.
             The game lasted 00:20:36 (7941 turns).

fozzywoppz the Basher (Gargoyle Fighter)            Turns: 7941, Time: 00:20:37

Health: -3/68      AC: 25    Str: 28    XL:     11   Next: 26%
Magic:  14/14      EV:  8    Int:  7    God:    Okawaru [**....]
Gold:   351        SH:  6    Dex: 17    Spells: 10/10 levels left

rFire   . . .        a - +0 flail (venom)
rCold   + . .        c - +0 buckler
rNeg    + . .        I - +0 plate armour {rC+}
rPois   ∞            (no helmet)
rElec   +            D - +2 cloak
rCorr   .            o - +0 pair of gloves
SInv    .            F - +0 pair of boots
Will    +....        J - amulet of regeneration Stlth
                     y - ring of willpower
HPRegen 1.11/turn    x - +6 ring of strength
MPRegen 0.14/turn

%: no passive effects
@: hasted, studying 2 skills, very quick
A: sickness immunity, AC +8, negative energy resistance 1, electricity
resistance, torment resistance 1, petrification resistance, thin skeletal
structure 1, agile 1
a: Renounce Religion, Heroism


You were on level 9 of the Dungeon.
You worshipped Okawaru.
Okawaru was pleased with you.
You visited 2 branches of the dungeon, and saw 10 of its levels.
You also visited: Ossuary.

You collected 449 gold pieces.
You spent 98 gold pieces at shops.

Inventory:

Hand Weapons
 a - a +0 flail of venom (weapon)
Missiles
 r - 3 throwing nets (quivered)
 E - 5 boomerangs
Armour
 c - a +0 buckler (worn)
 o - a +0 pair of gloves (worn)
 D - a +2 cloak (worn)
 F - a +0 pair of boots (worn)
 H - a +0 tower shield
 I - a +0 plate armour of cold resistance (worn)
Jewellery
 l - a +6 ring of intelligence
 q - an amulet of the acrobat
 x - a +6 ring of strength (right hand)
 y - a ring of willpower (left hand)
 C - a ring of magical power
 J - an amulet of regeneration (around neck)
Wands
 L - a wand of paralysis (8)
 N - a wand of digging (7)
Scrolls
 d - a scroll of enchant weapon {unknown}
 g - 2 scrolls of magic mapping
 i - 3 scrolls of teleportation
 j - 7 scrolls of identify
 s - a scroll of acquirement {unknown}
 u - 2 scrolls of vulnerability
 v - a scroll of blinking {unknown}
 w - a scroll of poison
 z - a scroll of brand weapon
 B - 4 scrolls of enchant armour
 G - a scroll of amnesia {unknown}
 K - a scroll of immolation
Potions
 b - 5 potions of degeneration {unknown}
 e - 5 potions of flight
 f - 5 potions of curing
 h - 4 potions of brilliance {unknown}
 k - a potion of attraction
 n - 4 potions of mutation
 p - 3 potions of haste
 t - a potion of berserk rage {unknown}
 A - a potion of cancellation
Miscellaneous
 M - a lightning rod (4/4)


   Skills:
 - Level 8.0 Fighting
 + Level 13.8 Maces & Flails
 - Level 5.0 Armour
 + Level 3.3 Dodging
 - Level 5.0 Shields
 + Level 4.5 Invocations


You had 10 spell levels left.
You didn't know any spells.
Your spell library contained the following spells:

 Spells                   Type           Power      Damage    Failure   Level
 Shock                    Conj/Air       0%         1d3       99%         1
 Lesser Beckoning         Tloc           0%         N/A       100%        2
 Gell's Gravitas          Tloc           0%         N/A       100%        3
 Ignite Poison            Fire/Tmut/Pois 0%         N/A       100%        3
 Swiftness                Air            0%         N/A       100%        3
 Teleport Other           Tloc           0%         N/A       100%        3
 Airstrike                Air            0%         2d(0-16)  100%        4
 Passage of Golubria      Tloc           0%         N/A       100%        4
 Fireball                 Conj/Fire      0%         3d3       100%        5
 Freezing Cloud           Conj/Ice/Air   0%         6-21      100%        5
 Iskenderun's Battlesphe  Conj           0%         2d6       100%        5
 Silence                  Hex/Air        0%         N/A       100%        5
 Conjure Ball Lightning   Conj/Air       0%         3x3d6     100%        6
 Orb of Destruction       Conj           0%         9d5       100%        7
 Lehudib's Crystal Spear  Conj/Erth      0%         10d2      100%        8
 Cigotuvi's Dreadful Rot  Necr/Pois/Air  Unusable   N/A       N/A         2
 Summon Guardian Golem    Hex/Summ       Unusable   N/A       N/A         3
 Summon Ice Beast         Ice/Summ       Unusable   N/A       N/A         4
 Summon Mana Viper        Hex/Summ       Unusable   N/A       N/A         5
 Monstrous Menagerie      Summ           Unusable   N/A       N/A         7
 Spellforged Servitor     Conj/Summ      Unusable   N/A       N/A         7

Dungeon Overview and Level Annotations

Branches:
Dungeon (9/15)             Temple (1/1) D:5         Ossuary (visited)
   Lair: D:8-11         Orc: D:9-12

Altars:
Ashenzari
Cheibriados
Dithmenos
Fedhas
Hepliaklqana
Makhleb
Nemelex Xobeh
Okawaru
Qazlal
Ru
Sif Muna
Trog
Uskayaw
Vehumet
Wu Jian
Xom
Zin
The Shining One

Shops:
D:1 =   D:3 :!:[   D:6 [   D:8 =


Innate Abilities, Weirdness & Mutations

You are immune to sickness and miasma.
Your stone body is resilient. (AC +8)
You are immune to poison.
You resist negative energy. (rN+)
You are resistant to electric shocks. (rElec)
You are resistant to unholy torment.
You are immune to petrification.
You have a somewhat thin skeletal structure. (Dex +2, Stealth+)
You are agile. (Dex +4, Str/Int -1)


Message History

Unknown command.
You hit the slime creature.
The slime creature looks even sicker.
The slime creature is severely wounded.
You block the slime creature's attack. The slime creature hits you!
* * * LOW HITPOINT WARNING * * *
The slime creature hits you but does no damage.
The slime creature hits you.
* * * LOW HITPOINT WARNING * * *
Okay, then.
You feel much better.
The slime creature hits you but does no damage.
The slime creature hits you.
The slime creature hits you but does no damage.
The slime creature barely misses you.
The slime creature hits you but does no damage.
You hit the slime creature.
The slime creature looks as sick as possible!
The slime creature is almost dead.
The slime creature completely misses you.
The slime creature hits you!
Unknown command.
The slime creature attacks as you move away!
The slime creature hits you but does no damage.
The slime creature attacks as you move away!
The slime creature hits you but does no damage.
Two slime creatures merge to form a large slime creature.
The slime creature hits you.
You hit the slime creature.
The slime creature looks as sick as possible!
The slime creature is almost dead.
The slime creature hits you!
* * * LOW HITPOINT WARNING * * *
The slime creature hits you!
* * * LOW HITPOINT WARNING * * *
Okay, then.
It was a potion of cancellation.
You feel magically purged.
The slime creature hits you but does no damage.
The slime creature barely misses you. You block the slime creature's attack.
You feel yourself speed up. The slime creature hits you!
You die...

#..........
#..........
#..........
#..........
#..........
#.......... .
#.......... ...
#.J@.......
.....##.JJJ......
.......<.........
.................
.######..........
#..........
#..........
#..!.......
#......^..


You could see a large slime creature (very poisoned) and 3 slime creatures.

Vanquished Creatures
  A two-headed ogre (D:8)
  A boulder beetle (D:6)
  A tengu warrior (D:8)
  Pikel (D:5)
  A cyclops (D:6)
  A hornet (D:8)
  A slime creature (D:9)
  A wraith (D:8)
  6 yaks (D:8)
  A culicivora (shapeshifter) (D:8)
  2 wyverns
  A steam dragon (D:8)
  Menkaure (D:5)
  Edmund (D:4)
  A water moccasin (D:8)
  An orc warrior (D:8)
  2 ice beasts
  A black bear (D:5)
  3 ogres
  2 lemures (D:5)
  A centaur (D:8)
  A phantom (D:5)
  2 kobold brigands
  3 bullfrogs
  Blork the orc (D:6)
  8 scorpions
  12 killer bees
  2 human zombies (Ossuary)
  4 jellies
  3 centaur zombies (Ossuary)
  3 hounds
  2 gnoll boudas
  2 orc priests (D:3)
  3 sleepcaps
  3 iguanas
  2 scorpion zombies (Ossuary)
  3 orc wizards
  Natasha (thrice) (D:3)
  3 mummies (Ossuary)
  18 gnolls
  8 adders
  4 white imps
  2 ufetubi
  3 worms
  2 dart slugs
  11 orcs
  5 endoplasms
  4 giant cockroaches
  3 gnoll zombies (Ossuary)
  9 goblins
  10 hobgoblins
  5 quokkas
  9 ball pythons
  7 bats
  6 frilled lizards
  4 goblin zombies (Ossuary)
  A hobgoblin zombie (Ossuary)
  7 kobolds
  2 kobold zombies (Ossuary)
  2 orc zombies (Ossuary)
  7 rats
220 creatures vanquished.

Notes
Turn   | Place    | Note
-------+----------+-------------------------------------------
     0 | D:1      | fozzywoppz the Gargoyle Fighter began the quest for the
                  | Orb.
     0 | D:1      | Reached XP level 1. HP: 14/14 MP: 1/1
   177 | D:1      | Found Qiar's One-of-a-Kind Rings.
   521 | D:1      | Reached XP level 2. HP: 15/19 MP: 2/2
   935 | D:2      | Reached XP level 3. HP: 15/24 MP: 3/3
  1162 | D:2      | Reached XP level 4. HP: 29/29 MP: 4/4
  1833 | D:3      | Found a blossoming altar of Fedhas.
  1835 | D:3      | Found Zamnubas's Book Shoppe.
  1868 | D:3      | Reached skill level 3 in Maces & Flails
  1868 | D:3      | Reached XP level 5. HP: 31/33 MP: 5/5
  1951 | D:3      | Gained mutation: You are agile. (Dex +4, Str/Int -1)
                  | [potion of mutation]
  1951 | D:3      | Gained mutation: You have a somewhat thin skeletal
                  | structure. (Dex +2, Stealth+) [potion of mutation]
  1981 | D:3      | Reached XP level 6. HP: 12/39 MP: 6/6
  2430 | D:3      | Noticed Natasha
  2438 | D:3      | Killed Natasha
  2439 | D:3      | Found Yngecs's Distillery.
  2444 | D:3      | Bought a potion of curing for 42 gold pieces
  2444 | D:3      | Bought a potion of might for 56 gold pieces
  2455 | D:3      | Found Vyham's Armour Shoppe.
  2460 | D:3      | Found Lanin's Book Shop.
  2621 | D:3      | Noticed Natasha
  2626 | D:3      | Killed Natasha
  2704 | D:3      | Noticed Natasha
  2710 | D:3      | Killed Natasha
  3178 | D:4      | Noticed Edmund
  3199 | D:4      | Killed Edmund
  3200 | D:4      | Reached skill level 5 in Fighting
  3200 | D:4      | Reached skill level 4 in Maces & Flails
  3200 | D:4      | Reached skill level 5 in Armour
  3200 | D:4      | Reached skill level 5 in Shields
  3200 | D:4      | Reached XP level 7. HP: 12/44 MP: 7/7
  3357 | D:4      | Found a sparkling altar of Nemelex Xobeh.
  3526 | D:5      | Entered Level 5 of the Dungeon
  3526 | D:5      | Noticed Menkaure
  3533 | D:5      | Killed Menkaure
  3708 | D:5      | Reached skill level 5 in Maces & Flails
  3734 | D:5      | Found a staircase to the Ecumenical Temple.
  3742 | Temple   | Entered the Ecumenical Temple
  3988 | D:5      | Reached XP level 8. HP: 26/52 MP: 8/8
  4290 | D:5      | Found a radiant altar of Vehumet.
  4294 | D:5      | Found an ornate altar of the Wu Jian Council.
  4294 | D:5      | Found a hazy altar of Hepliaklqana.
  4302 | D:5      | Found a shimmering blue altar of Sif Muna.
  4304 | D:5      | Found a shimmering altar of Xom.
  4493 | D:5      | Noticed Pikel
  4505 | D:5      | Killed Pikel
  4506 | D:5      | Reached skill level 6 in Maces & Flails
  4612 | D:5      | Reached skill level 7 in Maces & Flails
  4721 | D:6      | Found a shadowy altar of Dithmenos.
  4772 | D:6      | Found a sand-covered staircase.
  4779 | Ossuary  | Entered an ossuary
  4825 | Ossuary  | Reached XP level 9. HP: 55/59 MP: 9/9
  4857 | Ossuary  | Reached skill level 8 in Maces & Flails
  5073 | Ossuary  | Reached skill level 9 in Maces & Flails
  5205 | D:6      | Noticed a cyclops
  5205 | D:6      | Noticed a boulder beetle
  5218 | D:6      | Killed a boulder beetle
  5219 | D:6      | Reached skill level 10 in Maces & Flails
  5331 | D:6      | Found George's Dragon-Slaying Spoils.
  5456 | D:6      | Killed a cyclops
  5457 | D:6      | Reached skill level 11 in Maces & Flails
  5457 | D:6      | Reached XP level 10. HP: 64/64 MP: 10/10
  5630 | D:6      | Noticed Blork the orc
  5638 | D:6      | Killed Blork the orc
  5809 | D:7      | Reached skill level 12 in Maces & Flails
  6844 | D:8      | Found Waraij's Jewellery Emporium.
  6927 | D:8      | Found an iron altar of Okawaru.
  6945 | D:8      | Became a worshipper of Warmaster Okawaru
  7119 | D:8      | Reached * piety under Okawaru
  7120 | D:8      | Reached skill level 13 in Maces & Flails
  7460 | D:8      | Noticed a tengu warrior
  7469 | D:8      | Reached skill level 1 in Invocations
  7475 | D:8      | Reached skill level 1 in Dodging
  7494 | D:8      | Reached ** piety under Okawaru
  7511 | D:8      | Killed a tengu warrior
  7512 | D:8      | Reached XP level 11. HP: 31/68 MP: 13/13
  7637 | D:8      | Noticed an entropy weaver
  7647 | D:8      | an entropy weaver changed into a culicivora
  7698 | D:8      | Noticed a two-headed ogre
  7822 | D:8      | Killed a two-headed ogre
  7941 | D:9      | Slain by a slime creature

Illustrated notes

Levels and vault maps discovered:
D:1:      elethiomel_arrival_quiet, layout_loops_corners,
          nicolae_shop_unique_rings, nicolae_figureground_pulse
D:2:      layout_basic, serial_bayou_pond_b, guppyfry_early_lair_pool
D:3:      layout_loops_corners, mainiacjoe_overflow_catwalk, serial_shops, shop,
          nicolae_shop_stone, shop, nicolae_shop_just_a_little_nook,
          uniq_natasha
D:4:      layout_basic, nemelex_spade_bored_becter, serial_curves,
          eino_curves_01, eino_curves_03, eino_curves_03, uniq_edmund
D:5:      layout_loops_cross, minmay_overflow_temple_star_hex,
          minmay_temple_entry_tees, uniq_menkaure, uniq_pikel
D:6:      layout_rooms, nicolae_overflow_crystal_walls,
          chequers_ossuary_entry_cave, nicolae_shop_dragon_depot,
          minmay_manual_monstrance, uniq_blork_the_orc
D:7:      layout_gridville
D:8:      wad_statue_garden, layout_basic, okawaru_altar_gauntlet_db,
          serial_shops, nicolae_shop_tiny_glass
D:9:      layout_long_grid, nicolae_gozag_cash_rules_everything_around_me,
          erik_lair_orcish_takeover
Temple:   jpeg_temple_island

Skill      XL: |  1  2  3  4  5  6  7  8  9 10 11 |
---------------+----------------------------------+-----
Shields        | 4 5 |  5.0
Fighting       | 4 5 6 8 |  8.0
Armour         | 4 5 |  5.0
Maces & Flails | 3 4 5 7 11 13 | 13.8
Invocations    | 3 4 |  4.5
Dodging        | 2 3 |  3.3

Action                     |  1- 3 |  4- 6 |  7- 9 | 10-12 || total
---------------------------+-------+-------+-------+-------++-------
  Melee: Flail             |    94 |   220 |   215 |   299 ||   828
  Throw: Throwing net      |       |       |       |     1 ||     1
    Use: Potion            |       |     5 |     2 |     6 ||    13
         Scroll            |       |       |    13 |     1 ||    14
 Armour: Scale mail        |    45 |     6 |       |       ||    51
         Plate armour      |       |   146 |   140 |   228 ||   514
  Dodge: Dodged            |    49 |    54 |    73 |   111 ||   287
  Block: Buckler           |    20 |    52 |    61 |   103 ||   236
